 Dungeon Crawl Stone Soup version 0.30-a0-177-g1cb5dbfd7a (webtiles) character file.

Game seed: 557911157741618447

144097 epen the Gnoll Aeon (level 17, 0/133 HPs)
             Began as a Gnoll Ice Elementalist on Oct 2, 2022.
             Was the Champion of Cheibriados.
             Shot with an arrow by a naga sharpshooter (10 damage)
             ... led by Vashnia
             ... while petrified by Jorgrun
             ... on level 2 of the Snake Pit.
             The game lasted 01:05:23 (23025 turns).

epen the Gnoll Aeon (Gnoll Ice Elementalist)       Turns: 23025, Time: 01:05:23

Health: 0/133      AC: 15    Str: 24    XL:     17   Next: 39%
Magic:  7/24       EV: -1    Int: 38    God:    Cheibriados [******]
Gold:   267        SH:  0    Dex: 35    Spells: 19/41 levels left

rFire   + + .      SeeInvis +    x - +8 demon trident (flame)
rCold   . . .      Faith    .    D - +2 buckler
rNeg    + + +      Spirit   .    o - +3 troll leather armour
rPois   ∞          Reflect  .    Z - +3 crown of Dyrovepreva {rElec Int+2 SInv}
rElec   +          Harm     .    (no cloak)
rCorr   +          Rampage  .    f - +0 pair of fencer's gloves {Riposte Dex+3}
Will    +....                    T - +0 pair of boots of Xomu {rElec rPois rF++ MP-9}
Stlth   +++++++...               U - amulet of magic regeneration
HPRegen 1.22/turn                g - ring "Huaruf" {rCorr EV+4 Int+4 Stlth+}
MPRegen 0.59/turn                E - +4 ring of slaying

@: about to teleport, petrified, grasped by roots, constricted, studying
Fighting, very slow
A: fangs 1, strong nose, distributed training
a: Renounce Religion, Bend Time, Temporal Distortion, Slouch, Step From Time


You were on level 2 of the Snake Pit.
You worshipped Cheibriados.
Cheibriados was exalted by your worship.
You visited 4 branches of the dungeon, and saw 24 of its levels.

You collected 3448 gold pieces.
You spent 3181 gold pieces at shops.

Inventory:

Hand Weapons
 d - a +0 dagger
 e - a +2 dagger of venom
 x - a +8 demon trident of flaming (weapon)
 N - a +0 scimitar of flaming
Missiles
 w - 3 throwing nets
Armour
 a - the +10 plate armour of Grace {+Blink rPois rCorr Int-5}
   (You found it on level 1 of the Orcish Mines)

   Int:       It affects your intelligence (-5).
   rPois:     It protects you from poison.
   +Blink:    It lets you blink.
   rCorr:     It protects you from acid and corrosion.
 f - the +0 pair of fencer's gloves (worn) {Riposte Dex+3}
   (You acquired it on level 4 of the Dungeon)

   It allows the wearer to riposte with melee weapons, swiftly retaliating
   against missed or blocked melee attacks.
   Dex:       It affects your dexterity (+3).
 o - a +3 troll leather armour (worn)
 D - a +2 buckler (worn)
 T - the +0 pair of boots of Xomu (worn) {rElec rPois rF++ MP-9}
   (You found it on level 11 of the Dungeon)

   rF:        It greatly protects you from fire.
   rElec:     It insulates you from electricity.
   rPois:     It protects you from poison.
   MP:        It affects your magic capacity (-9).
 Z - the +3 crown of Dyrovepreva (worn) {rElec Int+2 SInv}
   (You bought it in a shop on level 7 of the Dungeon)

   Int:       It affects your intelligence (+2).
   rElec:     It insulates you from electricity.
   SInv:      It lets you see invisible.
Jewellery
 g - the ring "Huaruf" (left hand) {rCorr EV+4 Int+4 Stlth+}
   (You found it on level 4 of the Dungeon)

   [ring of evasion]

   EV:        It affects your evasion (+4).
   Int:       It affects your intelligence (+4).
   rCorr:     It protects you from acid and corrosion.
   Stlth:     It makes you more stealthy.
 h - a +4 ring of evasion
 i - a ring of willpower
 p - a ring of poison resistance
 t - a ring of protection from cold
 u - a ring of protection from fire
 z - a ring of flight
 E - a +4 ring of slaying (right hand)
 P - the ring of Nemelex Xobeh's Grace {rPois rN+}
   (You found it on level 15 of the Dungeon)

   [ring of positive energy]

   rPois:     It protects you from poison.
   rN:        It protects you from negative energy.
 U - an amulet of magic regeneration (around neck)
Wands
 k - a wand of quicksilver (13)
 B - a wand of mindburst (20)
 F - a wand of polymorph (2)
 H - a wand of iceblast (13)
 J - a wand of flame (51)
 S - a wand of paralysis (23)
Scrolls
 c - a scroll of summoning
 n - 9 scrolls of teleportation
 q - 4 scrolls of poison
 y - 16 scrolls of identify
 I - 4 scrolls of amnesia
 L - 2 scrolls of blinking
 M - 3 scrolls of enchant armour
 R - 4 scrolls of butterflies
 X - 4 scrolls of fear
Potions
 b - 2 potions of magic
 j - 4 potions of brilliance
 l - 8 potions of attraction
 m - 3 potions of berserk rage
 r - 6 potions of cancellation
 s - 3 potions of flight
 v - 2 potions of resistance
 A - 3 potions of ambrosia
 C - 4 potions of might
 G - 4 potions of invisibility
 K - 16 potions of curing
 O - 2 potions of heal wounds
 Q - a potion of mutation


   Skills:
 + Level 12.0 Fighting
 + Level 11.7 Short Blades
 + Level 11.7 Long Blades
 + Level 11.7 Axes
 + Level 11.7 Maces & Flails
 + Level 11.7 Polearms
 + Level 11.7 Staves
 + Level 11.7 Ranged Weapons
 + Level 11.7 Throwing
 + Level 11.7 Armour
 + Level 12.5 Dodging
 + Level 12.4 Stealth
 + Level 11.7 Shields
 + Level 11.7 Unarmed Combat
 + Level 12.7 Spellcasting
 + Level 9.9 Conjurations
 + Level 9.9 Hexes
 + Level 9.9 Summonings
 + Level 9.9 Necromancy
 + Level 9.9 Translocations
 + Level 9.9 Transmutations
 + Level 9.9 Fire Magic
 + Level 12.1 Ice Magic
 + Level 9.9 Air Magic
 + Level 9.9 Earth Magic
 + Level 9.9 Poison Magic
 + Level 12.7 Invocations
 + Level 11.7 Evocations


You had 19 spell levels left.
You knew the following spells:

 Your Spells              Type           Power      Damage    Failure   Level
a - Freeze                Ice            100%       1d11      0%          1
b - Frozen Ramparts       Ice            100%       1d16      1%          3
c - Summon Ice Beast      Ice/Summ       83%        N/A       1%          4
d - Ozocubu's Armour      Ice            86%        N/A       1%          3
e - Fireball              Conj/Fire      39%        3d16      1%          5
f - Statue Form           Tmut/Erth      52%        N/A       5%          6

Your spell library contained the following spells:

 Spells                   Type           Power      Damage    Failure   Level
 Beastly Appendage        Tmut           100%       N/A       1%          1
 Foxfire                  Conj/Fire      100%       2x1d9     1%          1
 Kiss of Death            Conj/Necr      100%       2d13      1%          1
 Necrotise                Necr           100%       1d9       1%          1
 Slow                     Hex            100%       N/A       1%          1
 Cigotuvi's Dreadful Rot  Necr/Pois/Air  100%       N/A       1%          2
 Ensorcelled Hibernation  Hex/Ice        100%       N/A       1%          2
 Passwall                 Tmut/Erth      65%        N/A       1%          2
 Poisonous Vapours        Pois/Air       100%       N/A       1%          2
 Wereblood                Tmut           79%        N/A       1%          2
 Confusing Touch          Hex            79%        N/A       1%          3
 Gell's Gravitas          Tloc           79%        N/A       1%          3
 Lesser Beckoning         Tloc           79%        N/A       1%          3
 Spider Form              Tmut/Pois      79%        N/A       1%          3
 Swiftness                Air            79%        N/A       1%          3
 Teleport Other           Tloc           79%        N/A       1%          3
 Vampiric Draining        Necr           79%        2d11      1%          3
 Anguish                  Hex/Necr       39%        N/A       1%          4
 Animate Armour           Summ/Erth      100%       N/A       1%          4
 Dispel Undead            Necr           79%        3d26      1%          4
 Leda's Liquefaction      Hex/Erth       39%        N/A       1%          4
 Manifold Assault         Tloc           79%        N/A       1%          4
 Agony                    Necr           79%        N/A       1%          5
 Lee's Rapid Deconstruct  Erth           39%        3d20*     1%          5
 Death Channel            Necr           39%        N/A       5%          6
 Dispersal                Tloc           39%        N/A       5%          6
 Starburst                Conj/Fire      39%        6d11      5%          6
 Ozocubu's Refrigeration  Ice            43%        4d17      12%         7
 Enfeeble                 Hex            39%        N/A       28%         7
 Borgnjor's Revivificati  Necr           39%        N/A       92%         8
 Disjunction              Tloc           39%        N/A       92%         8
 Necromutation            Tmut/Necr      39%        N/A       92%         8
 Death's Door             Necr           39%        N/A       100%        9


Dungeon Overview and Level Annotations

Branches:
Dungeon (15/15)            Temple (0/1) D:7            Lair (5/5) D:8
 Shoals (0/4) Lair:3        Snake (2/4) Lair:2        Slime (0/5) Lair:5
    Orc (2/2) D:10            Elf (0/3) Orc:2        Vaults (0/5) D:13
 Depths (0/4) D:15

Altars:
Ashenzari
Cheibriados
Elyvilon
Gozag
Hepliaklqana
Makhleb
Nemelex Xobeh
Okawaru
Ru
Sif Muna
Uskayaw
Zin
The Shining One

Shops:
D:5 [   D:7 (:*=   D:14 ?!   Orc:1 =[?[(   Orc:2 (?:(   Snake:1 ?

Portals:
Abyss: Lair:3

Annotations:
D:15 1 transporter
Lair:3 2 transporters, Ruonwum's ghost, journeyman MfGl
Lair:4 exclusion: ice statue
Snake:2 Jorgrun; Vashnia


Innate Abilities, Weirdness & Mutations

You have very sharp teeth.
Your uncanny sense of smell can sniff out nearby items.
Your experience applies equally to all skills.


Message History

Jorgrun points at you and mumbles some strange words.
Roots burst forth from the earth!
The grasping roots grab you! The grasping roots constrict you!
The wall freezes the naga sharpshooter!
The naga sharpshooter spits poison at you.
The splash of poison hits you but does no damage.
You resist.
Your limbs are stiffening.
As you read the scroll of teleportation, it crumbles to dust.
You feel strangely unstable.
The frozen ramparts melt away.
Jorgrun closely misses you. The grasping roots constrict you.
The naga sharpshooter shoots an arrow.
The arrow hits you!
* * * LOW HITPOINT WARNING * * *
The naga sharpshooter mumbles some strange words.
Jorgrun hits you but does no damage. The grasping roots constrict you.
* * * LOW HITPOINT WARNING * * *
You have turned to stone.
The naga sharpshooter spits poison at you.
The splash of poison hits you but does no damage.
You resist.
The naga sharpshooter gestures wildly while chanting.
The naga sharpshooter magically shoots an arrow.
The arrow hits you.
* * * LOW HITPOINT WARNING * * *
The naga sharpshooter shoots a bolt.
The bolt hits you.
* * * LOW HITPOINT WARNING * * *
The naga sharpshooter spits poison at you.
The splash of poison hits you but does no damage.
You resist.
Jorgrun hits you with a +0 vorpal quarterstaff.
* * * LOW HITPOINT WARNING * * *
The grasping roots constrict you.
* * * LOW HITPOINT WARNING * * *
The naga sharpshooter spits poison at you.
The splash of poison hits you but does no damage.
You resist.
Vashnia casts a spell.
Vashnia magically shoots an arrow.
The arrow hits you!!
* * * LOW HITPOINT WARNING * * *
x2 The naga sharpshooter shoots an arrow.
The arrow hits you!!
You die...

#......# #.###
###.....†. ###.#..
###.....##...
.......####. ..##.#.....
....... ... ...........
..N.... #)# ..........
.)...NN##.# #.##.>.....
.NN§.NN#..###..##.......
#...)@......# ##......
....##g.....#######.....
. #..........#.......
.....................
###.######.##........
... #..........# ....
####.......# ....
##.....## #.....#


You could see Vashnia, Jorgrun, 5 naga sharpshooters and a naga.

Vanquished Creatures
  Frances (Snake:2)
  A tengu reaver (D:15)
  A storm dragon (D:15)
  Kirke (D:13)
  Louise (D:15)
  A frost giant (D:15)
  Aizul (Snake:2)
  2 stone giants (D:15)
  Josephine (D:15)
  A fire dragon (D:15)
  2 great orbs of eyes (D:15)
  4 vault guards (D:15)
  3 hydras
  3 death knights
  Erica (D:8)
  7 death yaks
  5 boulder beetles
  An ogre mage (D:15)
  14 centaur warriors
  2 dancing weapons (D:13)
  5 anacondas
  4 catoblepae
  5 tengu warriors (D:15)
  4 two-headed ogres
  A naga warrior (Snake:1)
  The ghost of Ucohosch the Destroyer, a journeyman DECj of Sif Muna (Lair:2)
  A deep troll earth mage (D:15)
  A shock serpent (Snake:1)
  Urug (D:12)
  A spriggan berserker (D:15)
  5 orc high priests (Orc:2)
  3 naga sharpshooters (Snake:1)
  Sonja (D:10)
  A deep elf knight (D:15)
  6 skeletal warriors
  2 naga ritualists (Snake:1)
  A lindwurm (Lair:5)
  4 deep elf pyromancers
  3 ugly things (D:15)
  4 mana vipers (Snake:1)
  2 manticores
  An oklob plant (Lair:5)
  5 orc knights
  A wolf spider (D:15)
  7 cyclopes
  3 salamanders (Snake:1)
  Maurice (D:8)
  11 black mambas
  8 elephants
  2 naga magi (Snake:1)
  Joseph (D:7)
  A gargoyle (D:13)
  An unseen horror (D:11)
  3 freezing wraiths
  Psyche (D:8)
  18 cane toads
  5 komodo dragons
  2 rime drakes
  2 efreet (D:15)
  A yaktaur (shapeshifter) (D:15)
  A yaktaur (D:15)
  A tengu conjurer (D:15)
  9 polar bears
  8 trolls
  4 hornets
  7 slime creatures
  3 blink frogs (Lair:5)
  A centaur simulacrum (D:15)
  22 yaks
  10 wraiths
  11 spriggans (Lair:5)
  A basilisk (Lair:1)
  2 vampires
  3 hogs (D:13)
  A vampire mosquito (D:15)
  Grum (D:8)
  3 steam dragons
  5 nagas
  An acid dragon (D:10)
  14 water moccasins
  32 orc warriors
  2 floating eyes (D:15)
  A sky beast (D:6)
  4 ice beasts
  2 black bears
  6 ogres
  32 wolves
  3 boggarts
  14 centaurs
  A phantom (D:7)
  3 kobold brigands
  2 gnoll sergeants
  12 bullfrogs
  2 necrophages (D:8)
  4 wights (D:9)
  8 killer bees
  6 electric eels
  10 howler monkeys
  7 hounds
  26 orc priests
  A gnoll bouda (D:8)
  An iguana (D:7)
  13 orc wizards
  5 hell rats (Lair:2)
  13 adders
  14 gnolls
  6 river rats (Lair:2)
  A shadow imp (D:8)
  4 white imps
  An ufetubus (D:6)
  A worm (D:4)
  66 orcs
  10 bats
  9 endoplasms
  3 giant cockroaches (D:1)
  10 goblins
  6 hobgoblins
  9 jackals (D:4)
  3 quokkas
  11 ball pythons
  3 frilled lizards
  12 kobolds
  7 rats
677 creatures vanquished.

Vanquished Creatures (collateral kills)
  An anaconda (Snake:1)
  An orc knight (Orc:2)
  A black mamba (Lair:5)
  A komodo dragon (D:8)
  A hornet (Lair:5)
  2 slime creatures (D:14)
  2 dream sheep (Lair:5)
  A spriggan (Lair:5)
  A yak (Lair:3)
  A basilisk (D:12)
  A water moccasin (Lair:5)
  An ice beast (D:8)
  4 black bears
  2 ogres (D:5)
  4 wolves (Lair:5)
  A boggart (Lair:5)
  3 centaurs
  A gnoll sergeant (D:9)
  A necrophage (D:7)
  A lava snake (D:7)
  3 hounds (D:4)
  4 orc priests
  A jelly (D:5)
  A gnoll bouda (D:4)
  An orc wizard (D:5)
  13 gnolls
  3 white imps
  15 orcs
  3 jackals (D:4)
  A butterfly (Lair:5)
76 creatures vanquished.

Vanquished Creatures (others)
  A gnoll (D:9)
  71 fungi
  88 plants
160 creatures vanquished.

Grand Total: 913 creatures vanquished

Notes
Turn   | Place    | Note
-------+----------+-------------------------------------------
     0 | D:1      | epen the Gnoll Ice Elementalist began the quest for the
                  | Orb.
     0 | D:1      | Reached XP level 1. HP: 13/13 MP: 6/6
    63 | D:1      | Found a faded altar of an unknown god.
   182 | D:1      | Reached XP level 2. HP: 11/19 MP: 7/7
   583 | D:1      | Reached skill level 5 in Spellcasting
   583 | D:1      | Reached XP level 3. HP: 16/25 MP: 7/9
   587 | D:1      | Learned a level 3 spell: Frozen Ramparts
  1063 | D:2      | Reached skill level 1 in Invocations
  1080 | D:2      | Reached skill level 1 in Fighting
  1080 | D:2      | Reached skill level 1 in Short Blades
  1080 | D:2      | Reached skill level 1 in Long Blades
  1080 | D:2      | Reached skill level 1 in Axes
  1080 | D:2      | Reached skill level 1 in Maces & Flails
  1080 | D:2      | Reached skill level 1 in Polearms
  1080 | D:2      | Reached skill level 1 in Staves
  1080 | D:2      | Reached skill level 1 in Ranged Weapons
  1080 | D:2      | Reached skill level 1 in Throwing
  1080 | D:2      | Reached skill level 1 in Armour
  1080 | D:2      | Reached skill level 1 in Shields
  1080 | D:2      | Reached skill level 1 in Unarmed Combat
  1080 | D:2      | Reached skill level 1 in Evocations
  1179 | D:2      | Reached XP level 4. HP: 28/32 MP: 7/11
  1282 | D:2      | Reached skill level 1 in Conjurations
  1282 | D:2      | Reached skill level 1 in Hexes
  1282 | D:2      | Reached skill level 1 in Summonings
  1282 | D:2      | Reached skill level 1 in Necromancy
  1282 | D:2      | Reached skill level 1 in Translocations
  1282 | D:2      | Reached skill level 1 in Transmutations
  1282 | D:2      | Reached skill level 1 in Fire Magic
  1282 | D:2      | Reached skill level 1 in Air Magic
  1282 | D:2      | Reached skill level 1 in Earth Magic
  1282 | D:2      | Reached skill level 1 in Poison Magic
  1523 | D:3      | Learned a level 4 spell: Summon Ice Beast
  1537 | D:3      | Reached XP level 5. HP: 34/37 MP: 8/12
  1842 | D:3      | Found an opulent altar of Gozag.
  1842 | D:3      | Found a snail-covered altar of Cheibriados.
  1972 | D:3      | Became a worshipper of Cheibriados the Contemplative
  2246 | D:4      | Reached XP level 6. HP: 44/44 MP: 9/13
  2336 | D:4      | Identified a scroll of acquirement
  2336 | D:4      | Acquired the +0 pair of fencer's gloves {Riposte Dex+3}
  2336 | D:4      | Found the +0 pair of fencer's gloves {Riposte Dex+3}
  2409 | D:4      | Reached * piety under Cheibriados
  2417 | D:4      | Reached skill level 5 in Dodging
  2516 | D:4      | Identified the ring "Huaruf" {rCorr EV+4 Int+4 Stlth+}
  2794 | D:4      | Reached XP level 7. HP: 50/50 MP: 1/15
  2830 | D:4      | Reached ** piety under Cheibriados
  3036 | D:4      | Reached skill level 5 in Stealth
  3277 | D:5      | Entered Level 5 of the Dungeon
  3277 | D:5      | Found Suypowk's Armour Shoppe.
  3286 | D:5      | Reached XP level 8. HP: 58/58 MP: 6/16
  3530 | D:5      | Reached *** piety under Cheibriados
  3579 | D:5      | Bought a +3 ring mail of poison resistance for 276 gold
                  | pieces
  3734 | D:5      | Found a sacrificial altar of Ru.
  4131 | D:6      | Identified the +0 ring mail "Ream" {Int+4}
  4243 | D:6      | Found an iron altar of Okawaru.
  4413 | D:6      | Identified the +1 leather armour "Wyfunloi" {Str+4 Int+3
                  | Dex+2}
  4610 | D:6      | Reached XP level 9. HP: 62/65 MP: 14/18
  4901 | D:7      | Found a hide-covered altar of Uskayaw.
  5020 | D:7      | Found a staircase to the Ecumenical Temple.
  5055 | D:7      | Noticed Joseph
  5351 | D:7      | Killed Joseph
  5358 | D:7      | Learned a level 3 spell: Ozocubu's Armour
  5449 | D:7      | Reached **** piety under Cheibriados
  5478 | D:7      | Reached skill level 5 in Invocations
  5690 | D:7      | Found Roih's Assorted Antiques.
  5691 | D:7      | Found Efosaira's Jewellery Shop.
  5691 | D:7      | Found Poetix's Antique Weapon Shop.
  5739 | D:7      | Found Ivadid's Book Shop.
  6062 | D:8      | Found a shimmering blue altar of Sif Muna.
  6134 | D:8      | Noticed a komodo dragon
  6145 | D:8      | Killed a komodo dragon
  6146 | D:8      | Reached skill level 5 in Fighting
  6146 | D:8      | Reached skill level 5 in Short Blades
  6146 | D:8      | Reached skill level 5 in Long Blades
  6146 | D:8      | Reached skill level 5 in Axes
  6146 | D:8      | Reached skill level 5 in Maces & Flails
  6146 | D:8      | Reached skill level 5 in Polearms
  6146 | D:8      | Reached skill level 5 in Staves
  6146 | D:8      | Reached skill level 5 in Ranged Weapons
  6146 | D:8      | Reached skill level 5 in Throwing
  6146 | D:8      | Reached skill level 5 in Armour
  6146 | D:8      | Reached skill level 5 in Shields
  6146 | D:8      | Reached skill level 5 in Unarmed Combat
  6146 | D:8      | Reached skill level 5 in Evocations
  6146 | D:8      | Reached XP level 10. HP: 74/74 MP: 13/20
  6163 | D:8      | Reached ***** piety under Cheibriados
  6235 | D:8      | Found a staircase to the Lair.
  6302 | D:8      | Noticed Maurice
  6325 | D:8      | Killed Maurice
  6469 | D:8      | Noticed Grum
  6593 | D:8      | Killed Grum
  6658 | D:8      | Noticed Psyche
  6673 | D:8      | Killed Psyche
  6764 | D:8      | Noticed Erica
  6783 | D:8      | Killed Erica
  6971 | D:8      | Found a glowing golden altar of the Shining One.
  6974 | D:8      | Found a hazy altar of Hepliaklqana.
  6994 | D:8      | Found a burning altar of Makhleb.
  6995 | D:8      | Found a white marble altar of Elyvilon.
  6995 | D:8      | Found a broken altar of Ashenzari.
  7039 | D:8      | Found a sparkling altar of Nemelex Xobeh.
  7186 | D:9      | Reached skill level 5 in Conjurations
  7186 | D:9      | Reached skill level 5 in Hexes
  7186 | D:9      | Reached skill level 5 in Summonings
  7186 | D:9      | Reached skill level 5 in Necromancy
  7186 | D:9      | Reached skill level 5 in Translocations
  7186 | D:9      | Reached skill level 5 in Transmutations
  7186 | D:9      | Reached skill level 5 in Fire Magic
  7186 | D:9      | Reached skill level 5 in Air Magic
  7186 | D:9      | Reached skill level 5 in Earth Magic
  7186 | D:9      | Reached skill level 5 in Poison Magic
  7189 | D:9      | Reached XP level 11. HP: 78/81 MP: 18/22
  7257 | D:9      | Identified the +6 flail of the Bursting Wasp {spect,
                  | Fragile rElec Str+4}
  7598 | D:10     | Entered Level 10 of the Dungeon
  7607 | D:10     | Noticed Sonja
  7613 | D:10     | Killed Sonja
  7831 | D:10     | Noticed a two-headed ogre
  7839 | D:10     | Killed a two-headed ogre
  8042 | D:10     | Reached ****** piety under Cheibriados
  8174 | D:10     | Found a staircase to the Orcish Mines.
  8671 | D:11     | Found a broken altar of Ashenzari.
  8737 | D:11     | Identified the +0 pair of boots of Xomu {rElec rPois rF++
                  | MP-9}
  8817 | D:11     | Noticed a boulder beetle
  8926 | Lair:1   | Entered Level 1 of the Lair of Beasts
  9232 | Lair:1   | Reached XP level 12. HP: 88/91 MP: 15/24
 10026 | Lair:2   | Found a staircase to the Snake Pit.
 10042 | Lair:2   | You fall into a shaft and drop 2 floors!
 10532 | Lair:3   | Found a transporter.
 10532 | Lair:3   | Found a one-way gate to the infinite horrors of the Abyss.
 10532 | Lair:3   | Noticed Ruonwum's ghost (journeyman MfGl)
 10537 | Lair:3   | Noticed a sun demon
 10607 | Lair:3   | Found a transporter.
 10617 | Lair:3   | Found a staircase to the Shoals.
 10957 | Lair:2   | Found a runed translucent gate.
 10957 | Lair:2   | Found a runed translucent gate.
 10957 | Lair:2   | Found a runed translucent gate.
 10960 | Lair:2   | Noticed Ucohosch's ghost (journeyman DECj)
 10968 | Lair:2   | Noticed a 12-headed hydra
 11153 | Lair:2   | Noticed a catoblepas
 11157 | Lair:2   | Killed a catoblepas
 11305 | Lair:2   | Noticed a death yak
 11314 | Lair:2   | Killed a death yak
 11315 | Lair:2   | Reached XP level 13. HP: 98/98 MP: 17/26
 11601 | Lair:4   | Reached skill level 10 in Ice Magic
 12446 | Lair:5   | Entered Level 5 of the Lair of Beasts
 12737 | Lair:5   | Reached skill level 10 in Spellcasting
 12939 | Lair:5   | Reached skill level 10 in Dodging
 12950 | Lair:5   | Acquired 729 gold pieces
 13068 | D:7      | Bought the +3 crown of Dyrovepreva {rElec Int+2 SInv} for
                  | 1076 gold pieces
 13068 | D:7      | Found the +3 crown of Dyrovepreva {rElec Int+2 SInv}
 13279 | Lair:5   | Found a staircase to the Slime Pits.
 13357 | Lair:5   | Found the +15 Maxwell's patent armour {-Cast -Tele rElec
                  | Will+ rCorr}
 13613 | Lair:5   | Reached skill level 10 in Stealth
 13957 | Lair:4   | Reached skill level 10 in Invocations
 13957 | Lair:4   | Reached XP level 14. HP: 108/108 MP: 19/28
 13958 | Lair:4   | Reached XP level 15. HP: 114/114 MP: 20/29
 15421 | D:11     | You fall into a shaft and drop 1 floor!
 16013 | D:12     | Noticed Urug
 16023 | D:12     | Killed Urug
 16478 | Lair:2   | Killed Ucohosch's ghost
 16488 | Lair:2   | Identified the +7 war axe "Geavepp" {vorpal, rElec Dex+7}
 16991 | D:13     | Noticed Kirke
 17004 | D:13     | Killed Kirke
 17005 | D:13     | Reached skill level 10 in Fighting
 17005 | D:13     | Reached skill level 10 in Short Blades
 17005 | D:13     | Reached skill level 10 in Long Blades
 17005 | D:13     | Reached skill level 10 in Axes
 17005 | D:13     | Reached skill level 10 in Maces & Flails
 17005 | D:13     | Reached skill level 10 in Polearms
 17005 | D:13     | Reached skill level 10 in Staves
 17005 | D:13     | Reached skill level 10 in Ranged Weapons
 17005 | D:13     | Reached skill level 10 in Throwing
 17005 | D:13     | Reached skill level 10 in Armour
 17005 | D:13     | Reached skill level 10 in Shields
 17005 | D:13     | Reached skill level 10 in Unarmed Combat
 17005 | D:13     | Reached skill level 10 in Evocations
 17459 | D:13     | Found a gate to the Vaults.
 17503 | D:13     | Learned a level 5 spell: Fireball
 18084 | D:14     | Found Nuaseru's Magic Scroll Shoppe.
 18089 | D:14     | Bought a scroll of blinking for 105 gold pieces
 18089 | D:14     | Bought a scroll of fear for 56 gold pieces
 18089 | D:14     | Bought a scroll of blinking for 105 gold pieces
 18101 | D:14     | Found Axuoroan's Distillery.
 18766 | D:15     | Entered Level 15 of the Dungeon
 18803 | D:15     | Noticed Josephine
 18811 | D:15     | Killed Josephine
 18878 | D:15     | Noticed a storm dragon
 18894 | D:15     | Killed a storm dragon
 18895 | D:15     | Reached XP level 16. HP: 93/123 MP: 20/31
 19017 | D:15     | Identified the ring of Nemelex Xobeh's Grace {rPois rN+}
 19123 | D:15     | Found a staircase to the Depths.
 19232 | D:15     | Identified the ring of Niosajoz {rF- rCorr AC+4 Int+7
                  | Stlth+}
 19283 | D:15     | Noticed Louise
 19305 | D:15     | Killed Louise
 19339 | D:15     | Paralysed by a floating eye for 2 turns
 19470 | D:15     | Identified the ring of Menu {Fly rF- rN++}
 19527 | D:15     | Found an opulent altar of Gozag.
 19573 | D:15     | Found a transporter.
 19606 | D:15     | Noticed a tengu reaver
 19615 | D:15     | Killed a tengu reaver
 19644 | D:15     | Found a glowing silver altar of Zin.
 19687 | D:15     | Found a transporter.
 19778 | D:15     | Found a white marble altar of Elyvilon.
 19859 | D:15     | Got the Incunable of the Lithosphere and Death
 20067 | Orc:1    | Entered Level 1 of the Orcish Mines
 20067 | Orc:1    | Found Heet Qell's Antique Weapon Boutique.
 20165 | Orc:1    | Found Puuram's Armour Emporium.
 20190 | Orc:1    | Found Leuro's Magic Scroll Shop.
 20201 | Orc:1    | Bought a scroll of brand weapon for 171 gold pieces
 20296 | Orc:1    | Found Optamn's Jewellery Shoppe.
 20353 | Orc:1    | Identified the +10 plate armour of Grace {+Blink rPois
                  | rCorr Int-5}
 20562 | Orc:1    | Found Azeu's Antique Armour Shoppe.
 20656 | Orc:2    | Entered Level 2 of the Orcish Mines
 20776 | Orc:2    | Found a staircase to the Elven Halls.
 21246 | Orc:2    | Reached XP level 17. HP: 113/131 MP: 22/33
 21280 | Orc:2    | Found Lahaige's Antique Weapon Boutique.
 21283 | Orc:2    | Found Tyhiudai's Book Boutique.
 21284 | Orc:2    | Found Saepsol's Weapon Boutique.
 21285 | Orc:2    | Found Kiam Sao's Magic Scroll Shop.
 21289 | Orc:2    | Bought a book of the Earth for 432 gold pieces
 21296 | Orc:2    | Learned a level 6 spell: Statue Form
 21298 | Orc:2    | Bought a manual of Fighting for 960 gold pieces
 21944 | Snake:1  | Entered Level 1 of the Snake Pit
 22294 | Snake:1  | Found Ubbas's Magic Scroll Shop.
 22956 | Snake:2  | Noticed Aizul
 22962 | Snake:2  | Killed Aizul
 23008 | Snake:2  | Noticed Vashnia
 23009 | Snake:2  | Noticed Frances
 23010 | Snake:2  | Noticed Jorgrun
 23022 | Snake:2  | Killed Frances
 23025 | Snake:2  | Shot with an arrow by a naga sharpshooter

Illustrated notes

Levels and vault maps discovered:
D:1:      shiori_arrival_oz, layout_loops_cross,
          dreamdust_ecumenical_altar_hidden_monk_grotto, st_stairs_9
D:2:      layout_basic, minmay_octomino_e4
D:3:      layout_rooms, gammafunk_temple_overflow_elements
D:4:      lemuel_castle_with_subvaults [lemuel_castle_interior_carwin_2],
          layout_cave_pools
D:5:      layout_rooms, hangedman_ru_absence, nicolae_stop_n_shop_1
D:6:      layout_basic, mainiacjoe_overflow_alcove_1,
          chequers_serial_rivers_small_a
D:7:      layout_rooms, nicolae_uskayaw_suspiria, minmay_temple_entry_ruins,
          grunt_decor_mini_mirrors, chequers_serial_rivers_micro_a,
          glass_columns_a, minmay_shop_grid_forest, uniq_joseph
D:8:      layout_loops_ring, minitemple, nemelex_spade_bored_becter,
          mainiacjoe_overflow_catwalk, due_lair_maze_entry_diamond,
          st_stairs_14, uniq_erica, uniq_maurice, uniq_grum, uniq_psyche
D:9:      layout_rooms
D:10:     layout_loops_ring, erik_orc_2, uniq_sonja
D:11:     layout_basic, ebering_dispersal_statue_hall, ashenzari_altar_1
D:12:     layout_basic, uniq_urug
D:13:     layout_stronghold, erik_vaults_1, minmay_misc_feat_diagonals,
          uniq_kirke
D:14:     layout_roguey, serial_shops, nicolae_take_the_stairs, shop,
          roderic_serpentine_path, kennysheep_generic_room_2
D:15:     hangedman_spin_cycle, uniq_josephine, uniq_louise
Lair:1:   layout_hall_layers
Lair:2:   layout_regular_city, guppyfry_snake_entry_island,
          gammafunk_ghost_hydra_chop, kennysheep_abandoned_house
Lair:3:   layout_misc_corridors, elwin_shoals_entry_rocks,
          gammafunk_ghost_abyssal_escape, roderic_batcave, grunt_megastairs_2,
          infiniplex_staircase_pool_2
Lair:4:   layout_regular_city, ice2_lemuel, grunt_megastairs_1
Lair:5:   minmay_lair_end_enchanted_forest, layout_gridlike, slime_entry_1,
          minmay_lair_oklob_items, serial_bayou_pond_c, lemuel_fruit_fields
Snake:1:  layout_grid_maze, serial_shops, shop, drop_trap
Snake:2:  layout_rooms, serial_bayou_shore_a, uniq_vashnia, uniq_aizul,
          uniq_jorgrun, uniq_frances
Orc:1:    layout_caves, serial_shops, nicolae_shop_trees,
          nicolae_shop_advertising_works [nicolae_subvault_shop_adworks],
          nicolae_shop_trees, nicolae_shop_trees, shop,
          dreamdust_deal_with_the_devil
Orc:2:    st_orc_pillars, layout_diamond_mine, basic_altar, mines2_lemuel

Skill      XL: |  1  2  3  4  5  6  7  8  9 10 11 12 13 14 15 16 17 |
---------------+----------------------------------------------------+-----
Spellcasting   | 5 6 7 8 9 10 11 12 | 12.7
Invocations    | 1 2 3 4 5 6 7 8 10 11 12 | 12.7
Fighting       | 1 2 3 5 6 7 8 9 10 11 12 | 12.0
Short Blades   | 1 2 3 5 6 7 8 9 10 11 | 11.7
Long Blades    | 1 2 3 5 6 7 8 9 10 11 | 11.7
Axes           | 1 2 3 5 6 7 8 9 10 11 | 11.7
Maces & Flails | 1 2 3 5 6 7 8 9 10 11 | 11.7
Polearms       | 1 2 3 5 6 7 8 9 10 11 | 11.7
Staves         | 1 2 3 5 6 7 8 9 10 11 | 11.7
Ranged Weapons | 1 2 3 5 6 7 8 9 10 11 | 11.7
Throwing       | 1 2 3 5 6 7 8 9 10 11 | 11.7
Armour         | 1 2 3 5 6 7 8 9 10 11 | 11.7
Shields        | 1 2 3 5 6 7 8 9 10 11 | 11.7
Unarmed Combat | 1 2 3 5 6 7 8 9 10 11 | 11.7
Evocations     | 1 2 3 5 6 7 8 9 10 11 | 11.7
Conjurations   | 1 2 3 4 5 6 7 8 9 |  9.9
Hexes          | 1 2 3 4 5 6 7 8 9 |  9.9
Summonings     | 1 2 3 4 5 6 7 8 9 |  9.9
Necromancy     | 1 2 3 4 5 6 7 8 9 |  9.9
Translocations | 1 2 3 4 5 6 7 8 9 |  9.9
Transmutations | 1 2 3 4 5 6 7 8 9 |  9.9
Fire Magic     | 1 2 3 4 5 6 7 8 9 |  9.9
Air Magic      | 1 2 3 4 5 6 7 8 9 |  9.9
Earth Magic    | 1 2 3 4 5 6 7 8 9 |  9.9
Poison Magic   | 1 2 3 4 5 6 7 8 9 |  9.9
Dodging        | 5 6 7 8 9 10 11 12 | 12.5
Stealth        | 5 6 7 8 9 10 11 12 | 12.4
Ice Magic      | 8 9 10 11 12 | 12.1

Action                   |  1- 3 |  4- 6 |  7- 9 | 10-12 | 13-15 | 16-18 || total
-------------------------+-------+-------+-------+-------+-------+-------++-------
Melee: Dagger            |    51 |    99 |   157 |    70 |       |       ||   377
       Bite              |     3 |     5 |    23 |    65 |    86 |    69 ||   251
       Punch             |       |     3 |     7 |    18 |    29 |       ||    57
       Scimitar          |       |       |       |    29 |       |       ||    29
       Flail             |       |       |       |   178 |   229 |       ||   407
       Demon trident     |       |       |       |       |   173 |   526 ||   699
       Unarmed           |       |       |       |       |       |     2 ||     2
 Cast: Freeze            |    12 |       |     4 |     2 |     2 |       ||    20
       Frozen Ramparts   |     3 |     8 |    12 |    38 |    37 |    22 ||   120
       Summon Ice Beast  |       |     3 |    19 |    11 |    23 |    11 ||    67
       Fireball          |       |       |       |       |     3 |     7 ||    10
       Ozocubu's Armour  |       |       |       |       |     1 |     1 ||     2
       Statue Form       |       |       |       |       |       |     4 ||     4
Invok: Slouch            |       |       |       |       |     2 |     4 ||     6
       Temporal Distorti |       |       |       |       |     1 |       ||     1
Evoke: Wand              |       |       |       |    17 |    20 |       ||    37
  Use: Scroll            |       |    10 |     6 |       |    27 |     4 ||    47
       Potion            |       |       |     3 |     1 |     2 |       ||     6
 Stab: Sleeping          |    11 |    11 |     7 |    19 |    11 |    28 ||    87
       Distracted        |       |     1 |     1 |     5 |    10 |     5 ||    22
Armor: Robe              |     6 |    11 |     7 |       |       |       ||    24
       Ring mail         |       |       |    31 |    52 |    47 |       ||   130
       Troll leather arm |       |       |       |       |    13 |    47 ||    60
Dodge: Dodged            |    34 |   102 |   164 |   393 |   503 |   289 ||  1485
Block: Buckler           |       |       |       |       |    77 |   216 ||   293
       Rpst.: Dagger     |       |     9 |    39 |    14 |       |       ||    62
       Scimitar          |       |       |       |    13 |       |       ||    13
       Flail             |       |       |       |    60 |    80 |       ||   140
       Demon trident     |       |       |       |       |    47 |   102 ||   149

Table legend: (Time is in decaauts)
 A = Elapsed time spent in this place.
 B = Non-inter-level travel time spent in this place.
 C = Inter-level travel time spent in this place.
 D = Time resting spent in this place.
 E = Time spent auto-exploring this place.
 F = Levels seen in this place.
 G = Mean time per level.
                   A        B        C        D        E       F      G
               +--------+--------+--------+--------+--------+-----+--------+
         Total |  35728 |  32073 |   3655 |   1662 |  23901 |  24 | 1488.7 |
       Dungeon |  21036 |  18773 |   2263 |    965 |  14026 |  15 | 1402.4 |
          Lair |  10199 |   8971 |   1228 |    656 |   6341 |   5 | 2039.8 |
     Snake Pit |   1895 |   1841 |     54 |      0 |   1548 |   2 |  947.5 |
  Orcish Mines |   2597 |   2488 |    109 |     41 |   1986 |   2 | 1298.5 |
               +--------+--------+--------+--------+--------+-----+--------+

Top non-repeatable levels by time:
  Lair:5: 3231 daAuts
    D:10: 2273 daAuts
  Lair:4: 2228 daAuts
    D:13: 2022 daAuts
     D:8: 1932 daAuts
  Lair:2: 1810 daAuts
     D:4: 1755 daAuts
    D:12: 1742 daAuts
    D:11: 1696 daAuts
 Snake:1: 1671 daAuts
     D:7: 1656 daAuts
    D:15: 1616 daAuts
    D:14: 1598 daAuts
  Lair:1: 1537 daAuts
   Orc:2: 1479 daAuts
